 Dungeon Crawl Stone Soup version 0.30-a0-168-g0b976cbdc4 (webtiles) character file.

Game seed: 15835910085049264944

4665 qw the Cleaver (level 10, -13/64 HPs)
             Began as a Gargoyle Fighter on Sept 29, 2022.
             Was a Follower of Okawaru.
             Killed from afar by an ice statue (38 damage)
             ... with a bolt of cold
             ... on level 8 of the Dungeon.
             The game lasted 00:03:19 (8191 turns).

qw the Cleaver (Gargoyle Fighter)                   Turns: 8191, Time: 00:03:20

Health: -13/64     AC: 32    Str: 24    XL:     10   Next: 44%
Magic:  21/21      EV: 12    Int:  9    God:    Okawaru [*.....]
Gold:   147        SH:  5    Dex:  7    Spells: 9/9 levels left

rFire   + . .      SeeInvis +    b - +1 war axe
rCold   . . .      Faith    .    c - +0 buckler
rNeg    + . .      Spirit   .    w - +0 plate armour
rPois   inf        Reflect  .    (no helmet)
rElec   +          Harm     .    g - +2 cloak
rCorr   .          Rampage  .    o - +2 pair of gloves
Will    +....                    u - +2 pair of boots {Fly}
Stlth   ..........               l - amulet of the acrobat
HPRegen 0.20/turn                e - +4 ring of evasion
MPRegen 0.17/turn                v - ring "Xoughato" {rElec rF+ Will+ MP+9 SInv}

@: about to teleport, heroic, flying
A: sickness immunity, AC +7, negative energy resistance 1, electricity
resistance, torment resistance 1, petrification resistance, clumsy 1
a: Renounce Religion, Heroism


You were on level 8 of the Dungeon.
You worshipped Okawaru.
Okawaru was aware of your devotion.
You visited 2 branches of the dungeon, and saw 9 of its levels.
You also visited: Ossuary.

You collected 509 gold pieces.
You spent 362 gold pieces at shops.


Innate Abilities, Weirdness & Mutations

You are immune to sickness and miasma.
Your stone body is resilient. (AC +7)
You are immune to poison.
You resist negative energy. (rN+)
You are resistant to electric shocks. (rElec)
You are resistant to unholy torment.
You are immune to petrification.
You are clumsy. (Dex -2)


   Skills:
 - Level 8.0(13.0) Fighting
 - Level 10.2(15.2) Axes
 + Level 0.4(5.4) Throwing
 - Level 6.4(11.4) Armour
 - Level 2.3(7.3) Dodging
 - Level 5.0(10.0) Shields
 + Level 3.7 Invocations


You had 9 spell levels left.
You didn't know any spells.
Your spell library was empty.

Inventory:

Hand Weapons
 b - a +1 war axe (weapon)
 i - a +2 hand axe of flaming
Missiles
 A - 2 silver boomerangs (quivered)
Armour
 c - a +0 buckler (worn)
 g - a +2 cloak (worn)
 o - a +2 pair of gloves (worn)
 u - a +2 pair of boots of flying (worn)
 w - a +0 plate armour (worn)
 x - a +0 cloak of poison resistance
 y - a +2 hat
Jewellery
 e - a +4 ring of evasion (left hand)
 l - an amulet of the acrobat (around neck)
 p - a ring of fire
 r - a ring of resist corrosion
 v - the ring "Xoughato" (right hand) {rElec rF+ Will+ MP+9 SInv}
   (You found it on level 3 of the Dungeon)

   [ring of magical power]

   rF:        It protects you from fire.
   rElec:     It insulates you from electricity.
   MP:        It affects your magic capacity (+9).
   SInv:      It lets you see invisible.
   Will:      It increases your willpower.
 Y - a +6 ring of dexterity
Scrolls
 f - 2 scrolls of identify
 t - 3 scrolls of teleportation
Potions
 a - 4 potions of attraction
 d - 2 potions of might
 h - a potion of resistance
 j - 2 potions of magic
 m - a potion of cancellation
 n - a potion of experience {unknown}
 q - 3 potions of mutation
 s - a potion of curing
 z - a potion of haste {unknown}

Dungeon Overview and Level Annotations

Branches:
Dungeon (8/15)             Temple (1/1) D:5         Ossuary (visited)
   Lair: D:8-11

Altars:
Ashenzari
Cheibriados
Dithmenos
Elyvilon
Fedhas
Gozag
Kikubaaqudgha
Makhleb
Nemelex Xobeh
Okawaru
Qazlal
Ru
Sif Muna
Trog
Uskayaw
Vehumet
Wu Jian
Xom

Shops:
D:6 :   D:8 [

Annotations:
D:7 1 runed translucent door, Crazy Yiuf


Message History

You continue putting on your amulet of the acrobat.
You are engulfed in freezing vapours.
The ice beast hits you. The ice beast freezes you!
You continue putting on your amulet of the acrobat.
You are engulfed in freezing vapours.
The ice statue gestures at you. The shard of ice hits you!
You block the ice beast's attack.
You continue putting on your amulet of the acrobat.
You are engulfed in freezing vapours.
The ice statue gestures.
The ice beast hits you but does no damage.
You continue putting on your amulet of the acrobat.
The ice beast closely misses you.
The ice beast hits you but does no damage.
You finish putting on your amulet of the acrobat.
You feel ready to tumble and roll out of harm's way.
l - an amulet of the acrobat (around neck)
8187 ||| READING 4 scrolls of teleportation.
As you read the scroll of teleportation, it crumbles to dust.
You feel strangely unstable. The ice beast closely misses you.
The ice beast hits you but does no damage.
8188 ||| DRINKING potion of heal wounds.
You feel much better.
The ice beast hits you but does no damage. x2
You slash the ice beast!
The ice beast is heavily wounded.
You barely miss the ice beast. You completely miss the ice beast.
The ice beast is heavily wounded.
You hit the ice beast. You block the ice beast's attack.
The ice beast barely misses you.
You closely miss the ice beast.
The ice beast is heavily wounded.
You hit the ice beast but do no damage. You slash the ice beast!
The ice statue gestures at you.
The bolt of cold hits the ice beast.
The ice beast completely resists.
The bolt of cold hits you!!!
Ouch! That really hurt!
You die...

|=#
###:)#
8#~:)#
##.~~~~#
##~0~~~#
#~0~~~
##YYY#
..# #~~@#
....#+
##~~~#
#..
#~~~##
#.. #~~~#
#.....+..
#~~~##
#.....#..
##~~~##
#....##..
#~~~~#
#.......#
##~~~#
#.......#
#~~~##
#.......#


You could see an ice statue and 3 ice beasts.

Vanquished Creatures
  Grinder (D:3)
  Prince Ribbit (D:7)
  5 yaks (D:5)
  2 water moccasins
  Edmund (D:5)
  2 orc warriors
  2 sky beasts (D:7)
  2 centaurs
  An ogre (D:5)
  A phantom (D:7)
  8 elf zombies (Ossuary)
  A kobold brigand (D:7)
  Blork the orc (D:5)
  2 bullfrogs
  3 necrophages
  3 scorpions
  7 wights
  A howler monkey (D:4)
  2 human zombies (Ossuary)
  4 orc priests
  2 centaur zombies (Ossuary)
  3 hounds
  3 jellies
  2 iguanas
  8 orc wizards
  3 mummies (Ossuary)
  3 gnolls (D:2)
  14 adders
  2 shadow imps
  2 white imps
  A worm (D:2)
  3 dart slugs
  21 orcs
  10 ball pythons
  3 bats (D:1)
  6 endoplasms
  2 giant cockroaches
  5 goblins
  9 hobgoblins
  2 jackals (D:3)
  6 quokkas
  3 frilled lizards
  5 kobolds
  10 rats
178 creatures vanquished.

Vanquished Creatures (others)
  10 plants (D:2)
10 creatures vanquished.

Grand Total: 188 creatures vanquished

Notes
Turn   | Place    | Note
-------+----------+-------------------------------------------
     0 | D:1      | qw the Gargoyle Fighter began the quest for the Orb.
     0 | D:1      | Reached XP level 1. HP: 14/14 MP: 1/1
     0 | D:1      | 0 ||| qw: Version: 0.2-a-12-gaebbb33
     0 | D:1      | 0 ||| qw: Game counter: 1094
     0 | D:1      | 0 ||| qw: Always use a shield: true
     0 | D:1      | 0 ||| qw: God list: Okawaru
     0 | D:1      | 0 ||| qw: Allow faded altars: false
     0 | D:1      | 0 ||| qw: Do Orc after D:15 true
     0 | D:1      | 0 ||| qw: Do second Lair branch before Depths: true
     0 | D:1      | 0 ||| qw: Lair rune preference: random
     0 | D:1      | 0 ||| qw: Plans: Normal, Zot:1-4, God:TSO, Crypt, Tomb,
                  | Pan, Slime:5, Hells, Abyss, Orb
     0 | D:1      | 0 ||| PLANNING D:1-11
   156 | D:1      | Reached skill level 2 in Axes
   162 | D:1      | 162 ||| Stepping ~*~*~tactically~*~*~ (stealth).
   179 | D:1      | 179 ||| Stepping ~*~*~tactically~*~*~ (stealth).
   180 | D:1      | 180 ||| Stepping ~*~*~tactically~*~*~ (stealth).
   203 | D:1      | Reached XP level 2. HP: 19/19 MP: 2/2
   261 | D:1      | 261 ||| DROPPING +0 club.
   262 | D:1      | Found a faded altar of an unknown god.
   455 | D:1      | Reached skill level 3 in Axes
   625 | D:1      | Reached XP level 3. HP: 23/23 MP: 3/3
  1025 | D:1      | 1025 ||| UPGRADING to +3 chain mail.
  1035 | D:1      | 1035 ||| DROPPING +0 scale mail.
  1036 | D:1      | 1036 ||| READING scroll labelled JOOJUXO QAYHOW.
  1037 | D:1      | 1037 ||| READING 2 scrolls labelled QOBAAPL YLOSUW.
  1038 | D:1      | 1038 ||| READING scroll labelled ABRIFAHUDA.
  1039 | D:1      | 1039 ||| READING scroll labelled LYTESE LIPS.
  1040 | D:1      | 1040 ||| READING scroll labelled LENEUCA DOSK.
  1256 | D:2      | 1256 ||| DROPPING +0 whip.
  1260 | D:2      | 1260 ||| Stepping ~*~*~tactically~*~*~ (hiding).
  1552 | D:2      | Reached XP level 4. HP: 28/28 MP: 4/4
  1721 | D:2      | 1721 ||| Stepping ~*~*~tactically~*~*~ (stealth).
  1838 | D:2      | Reached skill level 4 in Axes
  2344 | D:2      | 2344 ||| DROPPING orb of guile.
  2345 | D:2      | 2345 ||| UPGRADING to +2 pair of gloves.
  2350 | D:2      | 2350 ||| READING scroll labelled HEK SUNNAT.
  2351 | D:2      | 2351 ||| READING scroll labelled LOECSA RUNN.
  2397 | D:2      | 2397 ||| READING scroll labelled NIDABITTOAPI.
  2426 | D:3      | Reached XP level 5. HP: 20/32 MP: 5/5
  2429 | D:3      | Reached skill level 5 in Axes
  2578 | D:3      | 2578 ||| Stepping ~*~*~tactically~*~*~ (stealth).
  2579 | D:3      | 2579 ||| Stepping ~*~*~tactically~*~*~ (stealth).
  2737 | D:3      | Noticed Grinder
  2750 | D:3      | Paralysed by Grinder for 3 turns
  2753 | D:3      | Killed Grinder
  2754 | D:3      | Reached XP level 6. HP: 28/41 MP: 6/6
  3053 | D:3      | Identified the ring "Xoughato" {rElec rF+ Will+ MP+9 SInv}
  3170 | D:3      | 3170 ||| UPGRADING to +0 pair of boots of flying.
  3175 | D:3      | 3175 ||| DROPPING amulet of faith.
  3176 | D:3      | 3176 ||| UPGRADING to +6 ring of dexterity.
  3177 | D:3      | 3177 ||| DROPPING ring of magical power.
  3178 | D:3      | 3178 ||| UPGRADING to ring "Xoughato" {rElec rF+ Will+ MP+9
                  | SInv}.
  3243 | D:3      | 3243 ||| READING scroll labelled HASATILUAN.
  3244 | D:3      | 3244 ||| READING scroll labelled GOSU QERIDE.
  3345 | D:3      | 3345 ||| READING 4 scrolls of identify.
  3345 | D:3      | 3345 ||| IDENTIFYING black potion
  3346 | D:3      | 3346 ||| READING 3 scrolls of identify.
  3346 | D:3      | 3346 ||| IDENTIFYING red potion
  3347 | D:3      | 3347 ||| READING 2 scrolls of identify.
  3347 | D:3      | 3347 ||| IDENTIFYING smoky inky potion
  3348 | D:3      | 3348 ||| DROPPING potion of degeneration.
  3349 | D:3      | 3349 ||| DROPPING potion of brilliance.
  3384 | D:4      | 3384 ||| PLANNING OSSUARY
  3422 | D:4      | Noticed a +0 dagger
  3422 | D:4      | Noticed a +0 short sword
  3423 | D:4      | Noticed a +0 dagger
  3423 | D:4      | Noticed a +0 short sword
  3424 | D:4      | Noticed a +0 falchion
  3424 | D:4      | Noticed a +0 spear
  3424 | D:4      | Noticed a +0 falchion
  3424 | D:4      | Noticed a +0 spear
  3434 | D:4      | Reached skill level 1 in Dodging
  3439 | D:4      | Found a hide-covered altar of Uskayaw.
  3482 | D:4      | 3482 ||| Stepping ~*~*~tactically~*~*~ (hiding).
  3484 | D:4      | 3484 ||| Stepping ~*~*~tactically~*~*~ (hiding).
  3485 | D:4      | 3485 ||| Stepping ~*~*~tactically~*~*~ (hiding).
  3542 | D:4      | 3542 ||| Stepping ~*~*~tactically~*~*~ (stealth).
  3550 | D:4      | Reached XP level 7. HP: 45/45 MP: 7/7
  3559 | D:4      | 3559 ||| Stepping ~*~*~tactically~*~*~ (stealth).
  3563 | D:4      | 3563 ||| Stepping ~*~*~tactically~*~*~ (hiding).
  3783 | D:4      | Reached skill level 6 in Axes
  3788 | D:4      | Found a sand-covered staircase.
  3789 | D:4      | 3789 ||| UPGRADING to +2 cloak.
  3794 | D:4      | 3794 ||| READING 2 scrolls of identify.
  3794 | D:4      | 3794 ||| IDENTIFYING yellow potion
  3799 | Ossuary  | Entered an ossuary
  3811 | Ossuary  | 3811 ||| READING scroll of enchant armour.
  3811 | Ossuary  | 3811 ||| ENCHANTING +0 pair of boots of flying.
  3903 | Ossuary  | Reached skill level 7 in Axes
  3903 | Ossuary  | Reached XP level 8. HP: 25/51 MP: 8/8
  4199 | Ossuary  | 4199 ||| Stepping ~*~*~tactically~*~*~ (stealth).
  4202 | Ossuary  | 4202 ||| Stepping ~*~*~tactically~*~*~ (stealth).
  4226 | Ossuary  | Reached skill level 8 in Axes
  4236 | Ossuary  | Reached skill level 6 in Fighting
  4341 | Ossuary  | 4341 ||| READING scroll labelled ZOEB VIXKAEM.
  4344 | Ossuary  | 4344 ||| READING 2 scrolls labelled TOISUZ IKOSEG.
  4345 | Ossuary  | 4345 ||| DRINKING 4 emerald potions.
  4345 | Ossuary  | Gained mutation: You are clumsy. (Dex -2) [potion of
                  | mutation]
  4346 | Ossuary  | 4346 ||| READING 2 scrolls of identify.
  4346 | Ossuary  | 4346 ||| IDENTIFYING lumpy silvery potion
  4347 | Ossuary  | 4347 ||| DROPPING potion of flight.
  4348 | Ossuary  | 4348 ||| DROPPING scroll of blinking.
  4351 | D:4      | 4351 ||| PLANNING D:1-11
  4395 | D:4      | You are sucked into a shaft and drop 2 floors!
  4395 | D:6      | Found Jesoff's Book Shoppe.
  4401 | D:5      | Entered Level 5 of the Dungeon
  4415 | D:5      | Noticed a yak
  4420 | D:5      | Noticed a yak
  4422 | D:5      | Noticed a yak
  4422 | D:5      | Noticed a yak
  4423 | D:5      | 4423 ||| Stepping ~*~*~tactically~*~*~ (stealth).
  4425 | D:5      | Noticed a yak
  4431 | D:5      | Killed a yak
  4435 | D:5      | Killed a yak
  4436 | D:5      | Reached skill level 9 in Axes
  4436 | D:5      | Reached XP level 9. HP: 38/55 MP: 9/9
  4468 | D:5      | 4468 ||| Stepping ~*~*~tactically~*~*~ (stealth).
  4479 | D:5      | Noticed Edmund
  4480 | D:5      | 4480 ||| Stepping ~*~*~tactically~*~*~ (stealth).
  4490 | D:5      | 4490 ||| Stepping ~*~*~tactically~*~*~ (stealth).
  4493 | D:5      | 4493 ||| Stepping ~*~*~tactically~*~*~ (stealth).
  4495 | D:5      | 4495 ||| Stepping ~*~*~tactically~*~*~ (stealth).
  4520 | D:5      | 4520 ||| Stepping ~*~*~tactically~*~*~ (stealth).
  4521 | D:5      | 4521 ||| Stepping ~*~*~tactically~*~*~ (stealth).
  4525 | D:5      | Killed Edmund
  4760 | D:5      | Found a white marble altar of Elyvilon.
  4812 | D:4      | 4812 ||| READING scroll of enchant armour.
  4812 | D:4      | 4812 ||| ENCHANTING +1 pair of boots of flying.
  5132 | D:4      | 5132 ||| READING scroll labelled FOUCUCRAIBO.
  5305 | D:5      | Found a stormy altar of Qazlal.
  5350 | D:5      | Noticed Blork the orc
  5351 | D:5      | 5351 ||| Stepping ~*~*~tactically~*~*~ (hiding).
  5361 | D:5      | Killed Blork the orc
  5460 | D:5      | Found a staircase to the Ecumenical Temple.
  5461 | D:5      | 5461 ||| PLANNING TEMPLE
  5461 | D:5      | 5461 ||| UPGRADING to amulet of guardian spirit.
  5466 | D:5      | 5466 ||| READING scroll labelled PEREGI XIAZ.
  5467 | D:5      | 5467 ||| DRINKING 2 bubbling purple potions.
  5476 | Temple   | Entered the Ecumenical Temple
  5505 | Temple   | 5505 ||| PLANNING OKAWARU WORSHIP
  5526 | Temple   | Became a worshipper of Warmaster Okawaru
  5527 | Temple   | 5527 ||| PLANNING D:1-11
  5527 | Temple   | 5527 ||| REMOVING amulet of guardian spirit.
  5532 | Temple   | 5532 ||| DROPPING amulet of guardian spirit.
  5756 | D:6      | 5756 ||| Stepping ~*~*~tactically~*~*~ (hiding).
  5757 | D:6      | 5757 ||| Stepping ~*~*~tactically~*~*~ (hiding).
  5759 | D:6      | 5759 ||| Stepping ~*~*~tactically~*~*~ (hiding).
  5760 | D:6      | 5760 ||| Stepping ~*~*~tactically~*~*~ (hiding).
  5761 | D:6      | 5761 ||| Stepping ~*~*~tactically~*~*~ (hiding).
  5763 | D:6      | 5763 ||| Stepping ~*~*~tactically~*~*~ (hiding).
  6153 | D:6      | 6153 ||| Stepping ~*~*~tactically~*~*~ (hiding).
  6161 | D:6      | Reached skill level 10 in Axes
  6249 | D:6      | 6249 ||| DROPPING +0 morningstar.
  6325 | D:6      | 6325 ||| Stepping ~*~*~tactically~*~*~ (stealth).
  6335 | D:6      | Reached skill level 6 in Armour
  6388 | D:6      | Reached XP level 10. HP: 63/63 MP: 10/10
  6395 | D:6      | Reached * piety under Okawaru
  6680 | D:6      | Reached skill level 1 in Invocations
  6681 | D:6      | 6681 ||| UPGRADING to +4 ring of evasion.
  6683 | D:6      | 6683 ||| DRINKING 2 murky blue potions.
  6684 | D:6      | 6684 ||| READING 3 scrolls of identify.
  6684 | D:6      | 6684 ||| IDENTIFYING smoky amethyst potion
  6685 | D:6      | 6685 ||| READING 2 scrolls of identify.
  6685 | D:6      | 6685 ||| IDENTIFYING amethyst potion
  6728 | D:7      | 6728 ||| Stepping ~*~*~tactically~*~*~ (stealth).
  6729 | D:7      | 6729 ||| Stepping ~*~*~tactically~*~*~ (hiding).
  6731 | D:7      | 6731 ||| INVOKING Heroism.
  6732 | D:7      | 6732 ||| Stepping ~*~*~tactically~*~*~ (hiding).
  6733 | D:7      | 6733 ||| Stepping ~*~*~tactically~*~*~ (hiding).
  6748 | D:7      | 6748 ||| INVOKING Heroism.
  6831 | D:7      | Found a runed translucent door.
  6832 | D:7      | Noticed Crazy Yiuf
  6910 | D:7      | 6910 ||| Stepping ~*~*~tactically~*~*~ (stealth).
  6970 | D:7      | Noticed Prince Ribbit
  7000 | D:7      | Killed Prince Ribbit
  7086 | D:7      | Found a sparkling altar of Nemelex Xobeh.
  7540 | D:7      | 7540 ||| UPGRADING to +0 plate armour.
  7550 | D:7      | 7550 ||| DROPPING +3 chain mail.
  7596 | D:7      | Reached skill level 3 in Invocations
  7732 | D:8      | Found a broken altar of Ashenzari.
  7785 | D:8      | 7785 ||| INVOKING Heroism.
  7788 | D:8      | 7788 ||| Stepping ~*~*~tactically~*~*~ (stealth).
  7891 | D:8      | Found Bamyhas's Antique Armour Shop.
  7901 | D:8      | 7901 ||| BUYING embroidered cloak (187 gold).
  7901 | D:8      | Bought an embroidered cloak for 187 gold pieces
  7901 | D:8      | 7901 ||| BUYING glowing hat (175 gold).
  7901 | D:8      | Bought a glowing hat for 175 gold pieces
  8178 | D:8      | Noticed an ice statue
  8178 | D:8      | Found the +9 staff of Wucad Mu {*channel}
  8179 | D:8      | 8179 ||| INVOKING Heroism.
  8182 | D:8      | 8182 ||| UPGRADING to amulet of the acrobat.
  8185 | D:8      | HP: 5/64 [ice statue] (14)]
  8187 | D:8      | 8187 ||| READING 4 scrolls of teleportation.
  8188 | D:8      | 8188 ||| DRINKING potion of heal wounds.
  8191 | D:8      | Killed from afar by an ice statue

Levels and vault maps discovered:
D:1:      matt_arrival_los_fun, layout_basic,
          hellmonk_ecumenical_altar_arch_garden
D:2:      minmay_general_purpose_star, layout_loops_ring, nicolae_grassy_gnolls
D:3:      layout_loops_ring, uniq_grinder
D:4:      layout_cave_pools, nicolae_uskayaw_en_pointe,
          nicolae_ossuary_entry_false_entrances
D:5:      layout_rooms, mainiacjoe_overflow_surrounded_room, elyvilon_altar_4,
          lemuel_temple_firewalk_b, uniq_blork_the_orc, uniq_edmund
D:6:      layout_basic, serial_shops, nicolae_stop_n_shop_2,
          hellmonk_bongcloud_opening
D:7:      layout_loops_cross, nemelex_xobeh_ov_fountains_minmay,
          uniq_crazy_yiuf_cottage, uniq_prince_ribbit1
D:8:      statuecave_lemuel, layout_gridville,
          mainiacjoe_overflow_six_doors_small, amcnicky_altar_gilded,
          serial_shops, nicolae_shop_waterfront
Temple:   cyrus_circular_temple

Skill      XL: |  1  2  3  4  5  6  7  8  9 10 |
---------------+-------------------------------+-----
Axes           | 2 3 4 5 7 9 10 | 10.2
Fighting       | 5 6 7 8 |  8.0
Dodging        | 1 2 |  2.3
Armour         | 4 6 |  6.4
Shields        | 4 5 |  5.0
Invocations    | 3 |  3.7
Throwing       | |  0.4

Action                   |  1- 3 |  4- 6 |  7- 9 | 10-12 || total
-------------------------+-------+-------+-------+-------++-------
Melee: War axe           |   121 |    89 |   346 |   183 ||   739
Invok: Heroism           |       |       |       |     4 ||     4
  Use: Scroll            |     5 |     8 |     8 |     3 ||    24
       Potion            |       |       |     2 |     2 ||     4
Armor: Scale mail        |    27 |       |       |       ||    27
       Chain mail        |    38 |    41 |   259 |    53 ||   391
       Plate armour      |       |       |       |    29 ||    29
Dodge: Dodged            |    44 |    26 |   109 |    67 ||   246
Block: Buckler           |    25 |    15 |    70 |    35 ||   145

Table legend:
 A = Non-vault XP
 B = Vault XP
 C = Vault XP percentage of total XP
 D = Non-vault monster count
 E = Vault monster count
 F = Vault count percentage of total count
                 A         B        C        D         E       F
            +---------+---------+-------+---------+---------+-------
      Total |    4823 |    1842 |  27.6 |     153 |      25 |  14.0
            +---------+---------+-------+---------+---------+-------
        D:1 |      42 |       0 |   0.0 |      25 |       0 |   0.0
        D:2 |      61 |      46 |  43.0 |      27 |       6 |  18.2
        D:3 |     117 |     286 |  71.0 |      12 |       1 |   7.7
        D:4 |     488 |       0 |   0.0 |      25 |       0 |   0.0
        D:5 |    1613 |     238 |  12.9 |      19 |       2 |   9.5
        D:6 |     952 |       0 |   0.0 |      22 |       0 |   0.0
        D:7 |     990 |     251 |  20.2 |      16 |       1 |   5.9
        D:8 |     560 |       0 |   0.0 |       7 |       0 |   0.0
    Ossuary |       0 |    1021 | 100.0 |       0 |      15 | 100.0
            +---------+---------+-------+---------+---------+-------
